Map: Ruins of Seras

Players

jamjam - Winner!

  • Race: Protoss Protoss

Nero

  • Race: Protoss Protoss

VOD

Have the link to the VOD?

Description

Time

  • Played on: Jan. 29, 2016, 7:15 a.m.
  • Length: 8:43
Show
View Real Time Build Order
Export as new Build Order

jamjam Protoss - Winner!

Build Orders:  

Get SALT Encoding   

  12  0:04  Probe (Chrono Boost)  
  13  0:18  Pylon  
  13  0:22  Probe (Chrono Boost)  
  14  0:32  Probe (Chrono Boost)  
  14  0:34  Assimilator  
  15  0:47  Gateway  
  15  0:55  Assimilator  
  15  1:00  Probe (Chrono Boost)  
  16  1:05  Assimilator  
  15  1:23  Probe (Chrono Boost)  
  16  1:33  Probe (Chrono Boost)  
  17  1:44  Zealot, Probe (Chrono Boost)  
  20  1:53  Cybernetics Core  
  20  1:54  Probe (Chrono Boost)  
  21  2:05  Pylon, Probe (Chrono Boost)  
  22  2:21  Probe (Chrono Boost)  
  23  2:27  Pylon  
  23  2:34  Probe (Chrono Boost)  
  24  2:45  Mothership Core (Chrono Boost)  
  26  2:53  Warp Gate  
  26  2:56  Adept (Chrono Boost)  
  28  3:04  Probe  
  29  3:09  Stargate  
  31  3:20  Adept (Chrono Boost)  
  31  3:26  Pylon  
  31  3:46  Pylon  
  31  3:55  Adept (Chrono Boost)  
  33  4:04  Gateway  
  33  4:07  Oracle (Chrono Boost)  
  36  4:20  Stalker  
  38  4:51  Nexus  
  36  6:00  Zealot x2  
  34  6:12  Gateway  
  34  6:13  Gateway  
  34  6:20  Oracle (Chrono Boost)  
  33  6:29  Zealot x2  
  34  7:42  Pylon  
  32  7:48  Pylon  
  24  8:06  Probe  
  24  8:08  Gateway  
  24  8:10  Pylon  
  25  8:18  Probe  
  26  8:31  Probe  
  27  8:38  Gateway  
Show
View Real Time Build Order
Export as new Build Order

Nero Protoss 

Build Orders:  

Get SALT Encoding   

  12  0:01  Probe (Chrono Boost)  
  13  0:18  Pylon, Probe (Chrono Boost)  
  14  0:30  Probe (Chrono Boost)  
  15  0:38  Gateway  
  15  0:41  Probe (Chrono Boost)  
  16  0:51  Probe (Chrono Boost)  
  17  1:06  Gateway  
  17  1:20  Pylon  
  17  1:28  Cybernetics Core  
  17  1:37  Assimilator  
  17  1:38  Probe (Chrono Boost)  
  18  1:42  Zealot (Chrono Boost)  
  20  1:50  Probe  
  21  2:17  Gateway x2  
  21  2:21  Adept (Chrono Boost), Probe  
  24  2:29  Adept (Chrono Boost)  
  26  2:33  Probe  
  27  2:49  Adept (Chrono Boost)  
  29  2:53  Assimilator  
  29  3:07  Stalker (Chrono Boost), Pylon  
  31  3:25  Probe  
  34  3:29  Stalker (Chrono Boost)  
  33  3:34  Stalker (Chrono Boost)  
  33  3:40  Zealot x2 (Chrono Boost)  
  39  3:42  Pylon  
  39  3:44  Pylon  
  39  3:53  Warp Gate  
  39  3:59  Pylon  
  39  4:00  Probe  
  40  4:05  Stalker (Chrono Boost)  
  46  4:10  Zealot (Chrono Boost)  
  46  4:11  Zealot (Chrono Boost)  
  46  4:41  Nexus  
  46  4:46  Sentry (Chrono Boost)  
  46  4:50  Sentry (Chrono Boost)  
  46  4:52  Adept (Chrono Boost)  
  52  4:56  Probe  
  53  5:08  Probe  
  33  6:10  Zealot (Chrono Boost)  
  38  6:14  Zealot x2 (Chrono Boost)  
  11  7:08  Probe  
  9  7:20  Probe  
  7  7:56  Probe  
  4  8:15  Probe (Chrono Boost)  
  5  8:32  Probe (Chrono Boost)  
Tags
 
Matchup
PvP
Replay Pack
rep
Add a new tag
Caveats
  • Supply blocks, unpowered buildings, or Contaminate may cause inaccurate times.
  • Supply counts are checked every 10 seconds.